 Dungeon Crawl Stone Soup version 0.28.0-53-g5a82cb258f (webtiles) character file.

Game seed: 3069538670086890888

556383 Peloso the Minotaur Barricade (level 25, 0/253 (257) HPs)
             Began as a Minotaur Fighter on June 24, 2022.
             Was the Champion of Okawaru.
             Slain by a shadow dragon (2 damage)
             ... on level 5 of the Vaults on June 25, 2022.
             The game lasted 03:37:07 (62120 turns).

Peloso the Minotaur Barricade (Minotaur Fighter)   Turns: 62120, Time: 03:37:07

HP:   0/253 (257)   AC: 43    Str: 43    XL:     25   Next: 21%
MP:   33/33         EV: 13    Int: 11    God:    Okawaru [******]
Gold: 6459          SH: 31    Dex: 16    Spells: 24/24 levels left

rFire   + + +      SeeInvis .   b - +7 Screaming Sword {vorpal, sonic wave}
rCold   + + +      Faith    .   e - +1 tower shield of Uzugaax {Rampage rC+ rN+}
rNeg    + + .      Spirit   .   D - +6 plate armour of Ehezaoxi {rC++ rN+}
rPois   +          Reflect  +   I - +4 hat of Duty {rF+}
rElec   +          Harm     .   t - +3 cloak "Soechiow" {Slay+2}
rCorr   +          Rampage  +   R - +2 pair of gloves of Xuiruto {Str+5}
Will    +....                   E - +2 pair of boots "Funulla" {rPois MP+9 Str+2}
Stlth   ..........              X - amulet "Zusmudid" {Reflect rElec rC+ Regen+ SH+5}
HPRegen 1.32/turn               A - ring of Salock {rF++ Str+2 Dex+3 Slay+4}
MPRegen 0.23/turn               o - ring of Saarig {rPois rCorr Str+4 Int+4}

@: marked, constricted, lightly drained
A: horns 2, retaliatory headbutt, clever 1, electricity resistance
}: 3/15 runes: decaying, slimy, gossamer
a: Renounce Religion, Heroism, Finesse, Duel


You were on level 5 of the Vaults.
You worshipped Okawaru.
Okawaru was exalted by your worship.
You visited 11 branches of the dungeon, and saw 50 of its levels.
You visited the Abyss 2 times.
You also visited: Trove, Gauntlet, Ice Cave, Volcano, Wizlab and Desolation.

You collected 6782 gold pieces.
You spent 323 gold pieces at shops.

Inventory:

Hand Weapons
 a - a +3 demon blade of electrocution
 b - the +7 Screaming Sword (weapon) {vorpal, sonic wave}
   (Okawaru gifted it to you on level 15 of the Dungeon)

   It inflicts extra damage upon your enemies.
   It radiates damaging sonic waves as it strikes, especially in combat
   involving dangerous or numerous foes.
 c - a +3 double sword of holy wrath
Armour
 e - the +1 tower shield of Uzugaax (worn) {Rampage rC+ rN+}
   (Okawaru gifted it to you on level 3 of the Elven Halls)

   rC:        It protects you from cold.
   rN:        It protects you from negative energy.
   Rampage:   It bestows one free step when moving towards enemies.
 f - the +1 faerie dragon scales {rPois rF+ rCorr}
   (You took it off the Enchantress on level 2 of the Depths)

   rF:        It protects you from fire.
   rPois:     It protects you from poison.
   rCorr:     It protects you from acid and corrosion.
 t - the +3 cloak "Soechiow" (worn) {Slay+2}
   (You found it on level 14 of the Dungeon)

   Slay:      It affects your accuracy & damage with ranged weapons and melee
   (+2).
 u - +0 ice dragon scales
 w - a +1 pair of boots of flying
 D - the +6 plate armour of Ehezaoxi (worn) {rC++ rN+}
   (Okawaru gifted it to you in the Desolation of Salt)

   rC:        It greatly protects you from cold.
   rN:        It protects you from negative energy.
 E - the +2 pair of boots "Funulla" (worn) {rPois MP+9 Str+2}
   (Okawaru gifted it to you on level 1 of the Elven Halls)

   Str:       It affects your strength (+2).
   rPois:     It protects you from poison.
   MP:        It affects your magic capacity (+9).
 I - the +4 hat of Duty (worn) {rF+}
   (Okawaru gifted it to you on level 3 of the Crypt)

   rF:        It protects you from fire.
 R - the +2 pair of gloves of Xuiruto (worn) {Str+5}
   (Okawaru gifted it to you on level 9 of the Dungeon)

   Str:       It affects your strength (+5).
 W - +1 pearl dragon scales
Jewellery
 g - a ring of see invisible
 o - the ring of Saarig (right hand) {rPois rCorr Str+4 Int+4}
   (You found it on level 5 of the Pits of Slime)

   [ring of poison resistance]

   Str:       It affects your strength (+4).
   Int:       It affects your intelligence (+4).
   rPois:     It protects you from poison.
   rCorr:     It protects you from acid and corrosion.
 A - the ring of Salock (left hand) {rF++ Str+2 Dex+3 Slay+4}
   (You acquired it on level 2 of the Elven Halls)

   [ring of slaying]

   Str:       It affects your strength (+2).
   Dex:       It affects your dexterity (+3).
   Slay:      It affects your accuracy & damage with ranged weapons and melee
   (+4).
   rF:        It greatly protects you from fire.
 C - an amulet of regeneration
 L - a ring of protection from cold
 X - the amulet "Zusmudid" (around neck) {Reflect rElec rC+ Regen+ SH+5}
   (You found it on level 11 of the Dungeon)

   [amulet of reflection]

   It reflects blocked missile attacks.
   rC:        It protects you from cold.
   rElec:     It insulates you from electricity.
   Regen:     It increases your rate of health regeneration.
   SH:        It affects your SH (+5).
Wands
 s - a wand of paralysis (13)
Scrolls
 h - a scroll of enchant armour
 l - 11 scrolls of immolation
 m - 13 scrolls of noise
 n - a scroll of amnesia
 q - 21 scrolls of teleportation
 y - a scroll of silence
 B - 6 scrolls of fear
 K - 2 scrolls of magic mapping
 T - 5 scrolls of blinking
Potions
 d - 7 potions of might
 i - 5 potions of mutation
 j - 4 potions of magic
 k - 11 potions of curing
 p - 7 potions of heal wounds
 v - a potion of invisibility
 z - 7 potions of haste
 F - 7 potions of berserk rage
 Q - 5 potions of resistance


   Skills:
 O Level 27 Fighting
 + Level 10.8(19.4) Short Blades
 O Level 27 Long Blades
 + Level 0.6(1.0) Axes
 + Level 0.6(1.0) Maces & Flails
 + Level 0.6(1.0) Polearms
 + Level 0.6(1.0) Staves
 + Level 0.5(0.7) Slings
 + Level 0.5 Bows
 + Level 0.5 Crossbows
 + Level 0.4(0.6) Throwing
 + Level 22.6 Armour
 + Level 12.5 Dodging
 + Level 4.4 Stealth
 O Level 27 Shields
 + Level 0.8 Unarmed Combat
 + Level 0.2 Spellcasting
 + Level 0.2 Conjurations
 + Level 0.2 Hexes
 + Level 0.4 Summonings
 + Level 0.4 Necromancy
 + Level 0.2 Translocations
 + Level 0.3 Transmutations
 + Level 0.2 Fire Magic
 + Level 0.2 Ice Magic
 + Level 0.4 Air Magic
 + Level 0.3 Earth Magic
 + Level 0.2 Poison Magic
 + Level 3.7 Invocations
 + Level 1.4 Evocations


You had 24 spell levels left.
You didn't know any spells.
Your spell library contained the following spells:

 Spells                   Type           Power      Damage    Failure   Level
 Pain                     Necr           4%         1d4       58%         1
 Sandblast                Erth           0%         2d4       58%         1
 Sting                    Tmut/Pois      0%         1d3       58%         1
 Apportation              Tloc           0%         N/A       61%         1
 Freeze                   Ice            0%         1d3       61%         1
 Corpse Rot               Necr/Air       2%         N/A       73%         2
 Sublimation of Blood     Necr           1%         N/A       73%         2
 Blink                    Tloc           0%         N/A       75%         2
 Ensorcelled Hibernation  Hex/Ice        0%         N/A       75%         2
 Passwall                 Tmut/Erth      0%         N/A       75%         2
 Poisonous Vapours        Pois/Air       0%         N/A       75%         2
 Scorch                   Fire           0%         2d5       75%         2
 Static Discharge         Conj/Air       0%         N/A       75%         2
 Wereblood                Tmut           0%         N/A       75%         2
 Swiftness                Air            1%         N/A       91%         3
 Vampiric Draining        Necr           1%         2d6       91%         3
 Mephitic Cloud           Conj/Pois/Air  0%         N/A       92%         3
 Spider Form              Tmut/Pois      0%         N/A       92%         3
 Stone Arrow              Conj/Erth      0%         3d7       92%         3
 Conjure Flame            Conj/Fire      0%         6-21      93%         3
 Frozen Ramparts          Ice            0%         1d2       93%         3
 Gell's Gravitas          Tloc           0%         N/A       93%         3
 Ignite Poison            Fire/Tmut/Pois 0%         N/A       93%         3
 Lesser Beckoning         Tloc           0%         N/A       93%         3
 Ozocubu's Armour         Ice            0%         N/A       93%         3
 Portal Projectile        Hex/Tloc       0%         N/A       93%         3
 Teleport Other           Tloc           0%         N/A       93%         3
 Airstrike                Air            0%         N/A       100%        4
 Cause Fear               Hex            0%         N/A       100%        4
 Dispel Undead            Necr           1%         3d6       100%        4
 Flame Wave               Conj/Fire      0%         2d4       100%        4
 Fulminant Prism          Conj/Hex       0%         3d6       100%        4
 Hailstorm                Conj/Ice       0%         3d3       100%        4
 Iskenderun's Mystic Bla  Conj/Tloc      0%         2d3       100%        4
 Leda's Liquefaction      Hex/Erth       0%         N/A       100%        4
 Olgreb's Toxic Radiance  Pois           0%         N/A       100%        4
 Passage of Golubria      Tloc           0%         N/A       100%        4
 Petrify                  Tmut/Erth      0%         N/A       100%        4
 Sticky Flame             Conj/Fire      0%         2d3       100%        4
 Agony                    Necr           1%         N/A       100%        5
 Alistair's Intoxication  Tmut/Pois      0%         N/A       100%        5
 Blade Hands              Tmut           0%         N/A       100%        5
 Borgnjor's Vile Clutch   Necr/Erth      0%         N/A       100%        5
 Excruciating Wounds      Necr           0%         N/A       100%        5
 Fireball                 Conj/Fire      0%         3d3       100%        5
 Freezing Cloud           Conj/Ice/Air   0%         6-21      100%        5
 Iskenderun's Battlesphe  Conj           0%         2d6       100%        5
 Lee's Rapid Deconstruct  Erth           0%         3d5*      100%        5
 Manifold Assault         Tloc           0%         N/A       100%        5
 Metabolic Englaciation   Hex/Ice        0%         N/A       100%        5
 Silence                  Hex/Air        0%         N/A       100%        5
 Yara's Violent Unravell  Hex/Tmut       0%         3d3       100%        5
 Conjure Ball Lightning   Conj/Air       0%         3x3d6     100%        6
 Dispersal                Tloc           0%         N/A       100%        6
 Eringya's Noxious Bog    Tmut/Pois      0%         N/A       100%        6
 Iron Shot                Conj/Erth      0%         9d1       100%        6
 Starburst                Conj/Fire      0%         6d3       100%        6
 Statue Form              Tmut/Erth      0%         N/A       100%        6
 Dragon Form              Tmut           0%         N/A       100%        7
 Orb of Destruction       Conj           0%         9d5       100%        7
 Ozocubu's Refrigeration  Ice            0%         4d5       100%        7
 Storm Form               Tmut/Air       0%         N/A       100%        7
 Discord                  Hex            0%         N/A       100%        8
 Disjunction              Tloc           0%         N/A       100%        8
 Ignition                 Fire           0%         3d3       100%        8
 Lehudib's Crystal Spear  Conj/Erth      0%         10d2      100%        8
 Maxwell's Capacitive Co  Air            0%         ∞         100%        8
 Chain Lightning          Conj/Air       0%         N/A       100%        9
 Death's Door             Necr           0%         N/A       100%        9
 Fire Storm               Conj/Fire      0%         5d1       100%        9
 Animate Skeleton         Necr           Unusable   N/A       N/A         1
 Call Canine Familiar     Summ           Unusable   N/A       N/A         3
 Tukima's Dance           Hex            Unusable   N/A       N/A         3
 Animate Armour           Summ/Erth      Unusable   N/A       N/A         4
 Animate Dead             Necr           Unusable   N/A       N/A         4
 Summon Lightning Spire   Summ/Air       Unusable   N/A       N/A         4
 Death Channel            Necr           Unusable   N/A       N/A         6
 Simulacrum               Ice/Necr       Unusable   N/A       N/A         6
 Summon Cactus Giant      Summ           Unusable   N/A       N/A         6
 Summon Hydra             Summ           Unusable   N/A       N/A         7
 Infestation              Necr           Unusable   N/A       N/A         8
 Dragon's Call            Summ           Unusable   N/A       N/A         9

Dungeon Overview and Level Annotations

Branches:
Dungeon (15/15)            Temple (1/1) D:4            Lair (6/6) D:10
  Swamp (4/4) Lair:4       Spider (4/4) Lair:2        Slime (5/5) Lair:6
    Orc (2/2) D:11            Elf (3/3) Orc:2        Vaults (5/5) D:13
  Crypt (3/3) Vaults:3       Tomb (0/3) Crypt:3      Depths (2/4) D:15
  IceCv (visited)         Volcano (visited)          WizLab (visited)
Desolation (visited)      Gauntlet (visited)

Altars:
Ashenzari
Cheibriados
Dithmenos
Elyvilon
Fedhas
Gozag
Hepliaklqana
Kikubaaqudgha
Makhleb
Nemelex Xobeh
Okawaru
Qazlal
Ru
Sif Muna
Trog
Uskayaw
Vehumet
Wu Jian
Xom
Yredelemnul
Zin
The Shining One
Beogh
Jiyva
Lugonu

Shops:
Orc:1 *   Orc:2 ?(([   Elf:2 :   Elf:3 =(   Vaults:4 :   Depths:2 :

Portals:
Hell: Depths:1 Depths:2
Abyss: Lair:6 Depths:1
Pandemonium: Depths:2

Annotations:
Orc:2 Casa
Elf:2 3 runed translucent doors
Vaults:5 Boris


Innate Abilities, Weirdness & Mutations

You have a pair of horns on your head.
You reflexively headbutt those who attack you in melee.
Your mind is acute. (Int +2)
You are resistant to electric shocks. (rElec)


Message History

The phantasmal warrior gestures at you.
The phantasmal warrior blinks!
There is a stone staircase leading up, spattered with blood here.
Things that are here:
5 large rocks; a stone giant corpse Unknown command.
You block the tentacled monstrosity's attack. x3
The tentacled monstrosity grabs you.
You stop ascending the stairs.
The tentacled monstrosity constricts you!
Something hits you but does no damage.
Something touches you but does no damage.
A warg comes into view.
The ironbound preserver mumbles some strange words.
The ironbound preserver begins to accept its allies' injuries.
The ettin hits you but does no damage. The ettin barely misses you.
The white very ugly thing misses you. The stone giant hits you!
The titan hits you!!
A titan comes into view.
You block the deep elf death mage's attack.
The shadow dragon bites you but does no damage.
The shadow dragon claws you but does no damage.
You block the shadow dragon's attack.
Unknown command.
The tentacled monstrosity's grasp on you weakens, but your attempt to escape fails.
You hear some strange, mumbled words.
An iron shot appears from out of thin air!
The iron shot hits you!!!!
* * * LOW HITPOINT WARNING * * *
You block the tentacled monstrosity's attack.
The tentacled monstrosity tentacle-slaps you but does no damage. x2
The tentacled monstrosity constricts you.
You block the ettin's attack. x2
The white very ugly thing bites you but does no damage.
The stone giant closely misses you.
The vault warden activates a sealing rune.
The deep elf death mage hits you with a +0 long sword.
* * * LOW HITPOINT WARNING * * *
A stone giant comes into view.
A yaktaur comes into view.
The shadow dragon bites you.
You die...

#.. #....# ...
#....#.... c.
#....#..C#
C9##....#.e#
#.h......#
#####.p.o.[D.#####
......).pWDH......
.....[[[DDCuH.....
.....[[CcC@{H.....
.....[[)CXeCc.....
#####).[WCDcC#####
......C.c......C
...).#$...#.#####
#..#..#...c#.#
...#..#....#.# ..
#..#....#.# #....#


You could see 3 shadow dragons, a tentacled monstrosity (sheltered), an
ironbound preserver, 5 titans, a storm dragon (sheltered), a white very ugly
thing (sheltered), a quicksilver dragon (sheltered), 3 stone giants, a vault
warden (sheltered), 2 yaktaur captains, an orc knight (sheltered), a deep elf
death mage (sheltered), 2 ettins, a deep elf sorcerer, a war gargoyle, 2
phantasmal warriors, 4 yaktaurs, 3 harpies and a warg (sheltered).

Vanquished Creatures
  the Royal Jelly (Slime:5)
  Mara (Vaults:3)
  3 ancient liches
  Boris (twice) (Vaults:3 Depths:1)
  Sojobo (Depths:2)
  Saint Roka (Depths:2)
  Nikola (Depths:2)
  2 bone dragons (Crypt:3)
  the Enchantress (Depths:2)
  Mlioglotl (Swamp:2)
  A hellephant (Depths:1)
  2 tentacled monstrosities
  6 liches
  A titan (Vaults:5)
  A walking earthen tome (Depths:2)
  The ghost of crompyre the Covert, an adept NaCA of Ashenzari (Spider:2)
  2 deep elf blademasters (Elf:3)
  10 ancient champions
  Gastronok (D:9)
  3 tentacled starspawn (Abyss:2)
  19 acid blobs
  7 tengu reavers
  Roxanne (Spider:2)
  10 azure jellies
  Donald (Swamp:2)
  2 daevas (Abyss:2)
  6 revenants
  8 rockslimes
  A fenstrider witch (Swamp:2)
  The ghost of Peloso the Fencer, a journeyman MiFi of Okawaru (D:14)
  8 deep elf sorcerers
  2 orc warlords
  8 emperor scorpions
  3 fire giants
  9 vault wardens
  The ghost of Exodus22XD the Severer, a journeyman MiFi of Hepliaklqana (Elf:2)
  A caustic shrike zombie (Depths:1)
  5 imperial myrmidons (Desolation)
  2 balrugs
  A cacodemon (Abyss:2)
  A frost giant (Depths:2)
  3 ghost moths
  9 ghouls
  A draconian stormcaller (WizLab)
  An iron dragon (Depths:2)
  A juggernaut zombie (D:14)
  12 ironbound preservers
  4 curse skulls
  6 deep elf elementalists
  3 broodmothers
  4 spriggan defenders
  A reaper (Crypt:2)
  8 vampire knights
  An angel (Abyss:2)
  A juggernaut skeleton (D:14)
  6 quicksilver oozes (Slime:5)
  5 stone giants
  Nessos (Lair:6)
  8 ironbound thunderhulks
  2 caustic shrike skeletons (Crypt:3)
  3 eleionomae
  4 deep elf demonologists
  12 very ugly things
  A halazid warlock (Desolation)
  7 entropy weavers
  5 deep elf annihilators (Elf:3)
  A minotaur (Gauntlet)
  A lorocyproca (Abyss:2)
  A spark wasp (shapeshifter) (Vaults:4)
  24 dire elephants
  10 purple draconians (WizLab)
  Azrael (D:12)
  8 bunyips
  5 spark wasps (Depths:2)
  The ghost of Darubir the Archer, a journeyman CeAM of Okawaru (Lair:5)
  6 eidola
  6 ettins
  9 statues (WizLab)
  7 deep elf death magi
  Snorg (Orc:2)
  6 jiangshi
  2 green deaths (Swamp:4)
  Josephine (D:10)
  3 crystal guardians (Desolation)
  6 deep elf high priests
  A quicksilver dragon zombie (Depths:1)
  A merfolk impaler (Depths:1)
  A shambling mangrove (Swamp:4)
  3 fire dragons
  9 great orbs of eyes
  5 yaktaur captains
  5 ragged hierophants (Desolation)
  28 vault guards
  5 ice dragons
  Fannar (D:11)
  A spectral tengu (D:14)
  9 servants of whispers (Desolation)
  A catoblepas (Lair:4)
  5 jorogumos
  A hydra (shapeshifter) (Depths:1)
  4 rakshasas
  2 quicksilver dragon skeletons (Crypt:3)
  9 boulder beetles
  7 death knights
  11 peacekeepers (Desolation)
  7 spriggan air magi
  11 hydras
  3 ghost crabs
  3 ogre magi
  A fenstrider witch skeleton (Crypt:3)
  5 ironbound frosthearts
  2 radroaches
  2 centaur warriors
  A spectral stone giant (D:14)
  8 alligators
  A spectral frost giant (D:14)
  15 two-headed ogres
  20 dancing weapons
  3 titan zombies (Depths:1)
  6 deep troll earth magi
  4 deep troll shamans
  A tengu warrior (D:13)
  A death yak (Lair:4)
  3 spriggan berserkers
  A hell knight (Vaults:2)
  4 wretched stars (Abyss:2)
  9 thrashing horrors
  7 vampire magi
  2 sun demons (Depths:2)
  2 storm dragon zombies
  6 soul eaters
  4 iron trolls
  2 golden dragon zombies (Depths:1)
  2 spark wasp zombies (Depths:1)
  11 deep elf knights
  3 sun moths
  A sixfirhy (Abyss:2)
  A bunyip zombie (Crypt:1)
  7 pharaoh ants
  11 large abominations
  59 skeletal warriors
  8 shadow wraiths
  3 goliath frogs
  8 swamp dragons
  A deep troll (shapeshifter) (Abyss:2)
  47 deep trolls
  10 steelbarb worms
  10 orb spiders
  A spectral iron dragon (D:14)
  12 bog bodies
  2 spriggan druids
  10 wizards
  16 ironbound convokers
  5 spriggan simulacra (Crypt:2)
  4 flayed ghosts
  9 deep elf archers
  3 orange crystal statues
  3 fenstrider witch simulacra (Crypt:2)
  3 sphinx zombies (Depths:1)
  2 tengu zombies
  27 deep elf pyromancers
  9 phantasmal warriors
  An anaconda skeleton (Crypt:3)
  16 deep elf zephyrmancers
  5 necromancers
  8 orc knights
  A goliath frog zombie (Crypt:1)
  9 lindwurms
  3 shining eyes
  An iron dragon zombie (D:15)
  4 manticores
  2 sphinx skeletons (D:14)
  A salamander (shapeshifter) (Vaults:2)
  12 cyclopes
  A frost giant zombie (D:14)
  2 stone giant zombies (Depths:1)
  41 ugly things
  4 salamanders (Volcano)
  A wolf spider (shapeshifter) (Vaults:4)
  An oklob plant (Lair:2)
  2 fire giant zombies
  22 wolf spiders
  A shining eye (shapeshifter) (Elf:3)
  10 will-o-the-wisps
  A cyclops (shapeshifter) (Elf:3)
  4 black mambas
  4 moths of wrath
  A goliath frog skeleton (Crypt:2)
  10 elephants
  A frost giant skeleton (D:14)
  4 guardian serpents (Desolation)
  A rust devil (Depths:2)
  19 vault sentinels
  An iron dragon skeleton (Crypt:1)
  A titan simulacrum (Crypt:2)
  An ice statue (Swamp:4)
  5 torpor snails
  4 orange demons
  7 smoke demons
  8 molten gargoyles
  6 gargoyles
  A shock serpent skeleton (Crypt:1)
  3 dire elephant skeletons (Crypt:3)
  A bunyip simulacrum (Crypt:3)
  13 cane toads
  8 komodo dragons
  5 eyes of devastation
  2 rime drakes (Lair:4)
  7 demonic crawlers
  A rime drake (shapeshifter) (D:14)
  An elf zombie (Vaults:4)
  2 centaur skeletons (Crypt:3)
  6 kobold demonologists
  3 efreet
  An anaconda simulacrum (IceCv)
  An alligator snapping turtle skeleton (Crypt:1)
  23 freezing wraiths
  2 ice devils (Abyss:2)
  20 yaktaurs
  An elf skeleton (Vaults:4)
  13 trolls
  8 ancient zymes
  A hellwing (Depths:2)
  3 guardian mummies
  A catoblepas skeleton (Crypt:3)
  17 tengu conjurers
  A red devil (Depths:2)
  2 queen bees
  8 hornets
  6 meliai
  A polar bear (Lair:4)
  70 slime creatures
  8 tyrant leeches
  A hydra skeleton (Crypt:3)
  57 saltlings (Desolation)
  6 spriggan zombies (Depths:1)
  28 tarantellas
  Prince Ribbit (D:6)
  A frost giant simulacrum (Vaults:4)
  4 raiju (Abyss:2)
  A guardian serpent zombie (Crypt:1)
  19 blink frogs
  2 harpy skeletons
  A fire giant simulacrum (Vaults:4)
  2 dream sheep
  A culicivora zombie (Crypt:3)
  A snapping turtle (shapeshifter) (Elf:2)
  19 small abominations
  9 flying skulls (Crypt:3)
  A stone giant simulacrum (Crypt:2)
  5 air elementals
  9 wyverns
  3 spriggan skeletons
  18 culicivoras
  35 jumping spiders
  7 vampires
  5 shadows
  6 dire elephant simulacra
  6 water elementals
  14 spriggans
  A centaur simulacrum (Crypt:2)
  2 ettin skeletons
  6 ynoxinuls
  13 wraiths
  2 alligator snapping turtle simulacra (Crypt:2)
  A black mamba skeleton (Crypt:3)
  30 yaks
  A yak (shapeshifter) (Vaults:3)
  2 fire bats (Abyss:2)
  17 golden eyes
  5 chaos spawn
  56 redbacks
  A neqoxec (Depths:2)
  12 vampire mosquitoes
  9 basilisks
  5 fire elementals
  4 wargs
  20 swamp worms
  2 harpy simulacra (IceCv)
  14 water moccasins
  4 human zombies
  2 acid dragons
  3 hydra simulacra (IceCv)
  A floating eye (shapeshifter) (Depths:2)
  Duvessa (D:5)
  A dream sheep zombie (Crypt:1)
  7 hell hounds
  4 human skeletons
  2 water nymph skeletons (Crypt:1)
  2 floating eyes
  27 orc warriors
  An ice beast (D:6)
  A swamp drake (Swamp:3)
  4 ettin simulacra
  6 starcursed masses (Abyss:2)
  3 alligator simulacra (IceCv)
  A fire dragon simulacrum (Crypt:1)
  5 centaurs
  17 ogres
  4 necrophages
  3 boggarts (D:15)
  A swamp dragon skeleton (Crypt:3)
  25 wolves
  2 phantoms
  9 kobold brigands
  An octopode zombie (Crypt:1)
  A yaktaur zombie (Crypt:3)
  A rime drake skeleton (Crypt:2)
  7 earth elementals
  5 bullfrogs
  2 gnoll sergeants
  2 scorpions
  An ogre simulacrum (Vaults:4)
  A cyclops skeleton (Crypt:3)
  A warg zombie (Crypt:1)
  Dowan (D:5)
  59 killer bees
  A raiju zombie (Crypt:2)
  A lindwurm simulacrum (IceCv)
  A tengu skeleton (D:15)
  3 wights (D:8)
  6 howler monkeys
  An electric eel (Spider:4)
  7 centaur zombies
  3 lava snakes (Lair:5)
  2 quasits (Abyss:2)
  22 orc priests
  4 hounds
  3 jellies
  A scorpion zombie (D:5)
  2 gnoll shamans (D:9)
  An iguana (D:5)
  24 orc wizards
  2 hell rats (Lair:2)
  Terence (D:2)
  A naga skeleton (Crypt:3)
  6 mummies (Crypt:1)
  A howler monkey zombie (D:9)
  13 gnolls
  6 adders
  3 white imps
  2 ufetubi
  An adder zombie (D:5)
  An adder skeleton (D:4)
  2 worms (D:2)
  3 dart slugs
  64 orcs
  5 ball pythons
  7 endoplasms
  6 giant cockroaches
  A gnoll zombie (Crypt:2)
  8 goblins
  7 hobgoblins
  4 jackals
  5 quokkas
  7 bats
  4 frilled lizards
  A jackal zombie (Crypt:3)
  20 kobolds
  2 kobold zombies (Crypt:2)
  An orc zombie (Crypt:1)
  A quokka zombie (Crypt:3)
  7 rats
  3 rat skeletons
  A lurking horror (Abyss:2)
  5 starspawn tentacles
2310 creatures vanquished.

Vanquished Creatures (others)
  An obsidian statue (Vaults:2)
  A yaktaur (Vaults:3)
  2 bloated husks
  A tyrant leech (Swamp:2)
  A saltling (Desolation)
  25 demonic plants
  24 foxfires
  97 fungi
  129 plants
  5 starspawn tentacles (Abyss:2)
  2 withered plants (D:15)
288 creatures vanquished.

Grand Total: 2598 creatures vanquished

Notes
Turn   | Place    | Note
-------+----------+-------------------------------------------
     0 | D:1      | Peloso the Minotaur Fighter began the quest for the Orb.
     0 | D:1      | Reached XP level 1. HP: 19/19 MP: 0/0
   138 | D:1      | Found a faded altar of an unknown god.
   638 | D:1      | Reached XP level 2. HP: 27/27 MP: 1/1
  1296 | D:2      | Noticed Terence
  1302 | D:2      | Killed Terence
  1303 | D:2      | Reached XP level 3. HP: 26/34 MP: 2/2
  1563 | D:2      | Reached XP level 4. HP: 41/41 MP: 3/3
  1762 | D:2      | Reached XP level 5. HP: 24/47 MP: 4/4
  2346 | D:3      | Reached skill level 5 in Long Blades
  2880 | D:4      | Found a white marble altar of Elyvilon.
  2932 | D:4      | Reached skill level 1 in Dodging
  3120 | D:4      | Reached XP level 6. HP: 52/55 MP: 5/5
  3203 | D:4      | Found a staircase to the Ecumenical Temple.
  3212 | Temple   | Entered the Ecumenical Temple
  3348 | Temple   | Became a worshipper of Warmaster Okawaru
  3364 | D:4      | Reached skill level 5 in Fighting
  3641 | D:4      | Found a basalt altar of Yredelemnul.
  3645 | D:4      | Found a glowing silver altar of Zin.
  4011 | D:5      | Entered Level 5 of the Dungeon
  4086 | D:5      | Noticed a water moccasin
  4110 | D:4      | Killed a water moccasin
  4111 | D:4      | Reached skill level 5 in Armour
  4111 | D:4      | Reached XP level 7. HP: 32/61 MP: 6/6
  4261 | D:5      | Reached * piety under Okawaru
  4518 | D:5      | Noticed Duvessa
  4524 | D:5      | Noticed Dowan
  4526 | D:5      | Killed Duvessa
  4543 | D:5      | Killed Dowan
  4844 | D:5      | Found a burning altar of Makhleb.
  5092 | D:5      | Reached XP level 8. HP: 40/70 MP: 7/7
  5461 | D:6      | Reached ** piety under Okawaru
  5498 | D:6      | Found a radiant altar of Vehumet.
  5658 | D:6      | Reached skill level 5 in Shields
  6021 | D:6      | Noticed Prince Ribbit
  6023 | D:6      | Identified the +10 short sword of Wempeakh {venom, SInv}
  6044 | D:6      | Killed Prince Ribbit
  6681 | D:7      | Found a broken altar of Ashenzari.
  7515 | D:8      | Reached *** piety under Okawaru
  7516 | D:8      | Reached skill level 1 in Short Blades
  7516 | D:8      | Reached XP level 9. HP: 72/79 MP: 8/8
  7800 | D:8      | Found an ancient bone altar of Kikubaaqudgha.
  7853 | D:8      | Reached skill level 1 in Stealth
  8428 | D:9      | Reached **** piety under Okawaru
  8429 | D:9      | Reached skill level 5 in Short Blades
  8857 | D:9      | Noticed a kobold demonologist
  9251 | D:8      | Killed a kobold demonologist
 10024 | D:9      | Reached XP level 10. HP: 88/88 MP: 9/9
 10061 | D:9      | Reached skill level 10 in Armour
 10097 | D:9      | Noticed an orange demon
 10120 | D:9      | Reached ***** piety under Okawaru
 10134 | D:9      | Noticed Gastronok
 10381 | D:9      | Found a shimmering altar of Xom.
 10420 | D:9      | Noticed a centaur warrior
 10420 | D:9      | Noticed a cyclops
 10437 | D:9      | Killed a cyclops
 10438 | D:9      | Killed a centaur warrior
 10809 | D:9      | Identified the +2 pair of gloves of Xuiruto {Str+5}
                  | (Okawaru gifted it to you on level 9 of the Dungeon)
 10809 | D:9      | Received a gift from Okawaru
 11040 | D:9      | Killed Gastronok
 11502 | D:10     | Entered Level 10 of the Dungeon
 11793 | D:10     | Reached XP level 11. HP: 78/97 MP: 10/10
 11974 | D:10     | Noticed Josephine
 11990 | D:10     | Killed Josephine
 12258 | D:10     | Found a portal to a secret trove of treasure.
 12696 | D:10     | Noticed a two-headed ogre
 12707 | D:10     | Killed a two-headed ogre
 12947 | D:10     | Reached skill level 10 in Short Blades
 13087 | D:10     | Received a gift from Okawaru
 13198 | D:10     | Found a staircase to the Lair.
 13388 | D:11     | Noticed a skeletal warrior
 13427 | D:10     | Killed a skeletal warrior
 13428 | D:10     | Reached skill level 10 in Fighting
 13792 | D:11     | Noticed a skeletal warrior
 13816 | D:11     | Killed a skeletal warrior
 13841 | D:11     | Found a staircase to the Orcish Mines.
 14069 | D:11     | Noticed Fannar
 14078 | D:11     | Killed Fannar
 14246 | D:11     | Reached skill level 10 in Long Blades
 14265 | D:11     | Noticed a six-headed hydra
 14282 | D:11     | Killed a six-headed hydra
 14740 | D:11     | Noticed a skeletal warrior
 14753 | D:11     | Killed a skeletal warrior
 14759 | D:11     | Identified the amulet "Zusmudid" {Reflect rElec rC+ Regen+
                  | SH+5}
 14792 | D:11     | Reached XP level 12. HP: 108/108 MP: 11/11
 14993 | Lair:1   | Entered Level 1 of the Lair of Beasts
 14996 | Lair:1   | Received a gift from Okawaru
 15096 | Lair:1   | Found a transporter.
 15096 | Lair:1   | Found a transporter.
 15096 | Lair:1   | Noticed a boulder beetle
 15096 | Lair:1   | Noticed a boulder beetle
 15232 | Lair:1   | Found a dark tunnel.
 15237 | Volcano  | Entered a volcano
 15430 | Volcano  | Identified the +0 robe "Nesmu" {Archmagi} (Okawaru gifted
                  | it to you in a volcano)
 15430 | Volcano  | Received a gift from Okawaru
 15609 | Volcano  | Reached skill level 1 in Invocations
 16096 | Volcano  | Noticed an orb of fire
 16142 | Volcano  | Noticed an orb of fire
 16939 | Lair:2   | Reached skill level 1 in Evocations
 17179 | Lair:2   | Found the +1 robe of Vines {NoPotionHeal Regen++++}
 17181 | Lair:2   | Noticed an eight-headed hydra
 17182 | Lair:2   | Noticed a four-headed hydra
 17194 | Lair:2   | Killed a three-headed hydra
 17200 | Lair:2   | Killed a one-headed hydra
 17572 | Lair:2   | Found the +5 sword of Power {vorpal}
 17585 | Lair:2   | Reached XP level 13. HP: 76/117 MP: 13/13
 17639 | Lair:2   | Found a hole to the Spider Nest.
 18522 | Lair:3   | Identified the +6 crystal plate armour of Cymius {+Blink
                  | Will- Int+7 SInv} (Okawaru gifted it to you on level 3 of
                  | the Lair of Beasts)
 18522 | Lair:3   | Received a gift from Okawaru
 18533 | Lair:3   | Reached skill level 10 in Shields
 18601 | Lair:3   | Reached ****** piety under Okawaru
 19530 | D:12     | Noticed Azrael
 19541 | D:12     | Killed Azrael
 19616 | D:12     | Found a transporter.
 19617 | D:12     | Found a transporter.
 19756 | D:12     | Found a transporter.
 19758 | D:12     | Found a transporter.
 20051 | D:12     | Found a transporter.
 20052 | D:12     | Found a transporter.
 20289 | Orc:1    | Entered Level 1 of the Orcish Mines
 20766 | Orc:1    | Found Nuazus's General Store.
 20968 | Orc:2    | Entered Level 2 of the Orcish Mines
 20968 | Orc:2    | Found a staircase to the Elven Halls.
 20996 | Orc:2    | Reached skill level 15 in Armour
 21152 | Orc:2    | Noticed Snorg
 21165 | Orc:2    | Killed Snorg
 21347 | Orc:2    | Received a gift from Okawaru
 21350 | Orc:2    | Found Tiuleaklam's Weapon Shop.
 21388 | Orc:2    | Reached XP level 14. HP: 129/129 MP: 12/14
 21534 | Orc:2    | Reached skill level 15 in Long Blades
 21619 | Orc:2    | Found Debys's Antique Armour Boutique.
 21625 | Orc:2    | Found Cecupr Woul's Weapon Shoppe.
 21638 | Orc:2    | Found Foxole's Magic Scroll Boutique.
 21651 | Orc:2    | Bought a scroll of identify for 24 gold pieces
 21651 | Orc:2    | Bought a scroll of identify for 24 gold pieces
 22157 | Orc:1    | Noticed an orc warlord
 22208 | Orc:2    | Killed an orc warlord
 22311 | Orc:2    | Identified the +0 plate armour of Catatonia {Contam +Inv
                  | rF+ Will++} (Okawaru gifted it to you on level 2 of the
                  | Orcish Mines)
 22311 | Orc:2    | Received a gift from Okawaru
 22595 | D:13     | Found a gate to the Vaults.
 22606 | D:13     | You fall into a shaft and drop 1 floor!
 22664 | D:14     | Found a gate leading to a gauntlet.
 22667 | D:14     | Found a transporter.
 22669 | D:14     | Noticed Peloso's ghost (journeyman MiFi)
 22671 | Gauntlet | Entered a Gauntlet
 22671 | Gauntlet | Found a transporter.
 22683 | Gauntlet | Found a transporter.
 22683 | Gauntlet | Found a transporter.
 22685 | Gauntlet | Found a transporter.
 22705 | Gauntlet | Found a transporter.
 22716 | Gauntlet | Found a transporter.
 22724 | Gauntlet | Found a transporter.
 22740 | Gauntlet | Found a transporter.
 22759 | Gauntlet | Found a transporter.
 22769 | Gauntlet | Found the +1 cloak of Starlight {*Dazzle EV+4 Stlth--}
 22771 | Gauntlet | Found a transporter.
 22783 | Gauntlet | Found a transporter.
 22795 | Gauntlet | Found a transporter.
 22807 | Gauntlet | Found a transporter.
 22829 | Gauntlet | Found a transporter.
 22844 | Gauntlet | Found a transporter.
 22846 | Gauntlet | Found a transporter.
 22936 | Gauntlet | Found a transporter.
 22938 | Gauntlet | Found a transporter.
 23071 | Gauntlet | Identified the +2 falchion of Terror {vorpal, Will+ rCorr}
 23263 | Gauntlet | Identified the +0 cloak of the Clam {Rampage Dex-4 SInv}
 23412 | Gauntlet | Found the +2 cloak of the Thief {*Fog Slay-2 SInv Stlth+}
 24036 | D:13     | Identified the +11 flail of the Dungeon {vorpal, rC+}
 24202 | D:13     | Identified a scroll of acquirement
 24551 | D:14     | Found a transporter.
 24705 | D:14     | Found a white marble altar of Elyvilon.
 24911 | D:14     | Received a gift from Okawaru
 24917 | D:14     | Reached skill level 15 in Fighting
 25046 | D:14     | Reached XP level 15. HP: 120/141 MP: 12/15
 25142 | D:14     | Found the +4 Cigotuvi's embrace {rMiasma Drain rN+}
 25600 | Lair:4   | Identified the +1 plate armour "Jeeck" {rF+ rCorr Int+4}
                  | (Okawaru gifted it to you on level 4 of the Lair of Beasts)
 25600 | Lair:4   | Received a gift from Okawaru
 26481 | Lair:5   | Identified the +8 hand crossbow of Doom {elec, rPois rF-
                  | Str+4 Dex+3}
 26756 | Lair:4   | Found a staircase to the Swamp.
 27114 | Lair:5   | Found a white marble altar of Elyvilon.
 27354 | Lair:5   | Found a large runed translucent door.
 27354 | Lair:5   | Found a large runed translucent door.
 27358 | Lair:5   | Noticed Darubir's ghost (journeyman CeAM)
 28289 | D:14     | Killed Peloso's ghost
 28563 | D:14     | Identified the +3 cloak "Soechiow" {Slay+2}
 28626 | D:15     | Entered Level 15 of the Dungeon
 28660 | D:15     | Found a staircase to the Depths.
 29101 | D:15     | Paralysed by an ogre mage for 4 turns
 29113 | D:15     | Received a gift from Okawaru
 29113 | D:15     | Found the +7 Singing Sword {vorpal, sonic wave}
 29294 | D:15     | Found a sacrificial altar of Ru.
 29713 | Lair:5   | Killed Darubir's ghost
 30119 | Lair:6   | Entered Level 6 of the Lair of Beasts
 30120 | Lair:6   | Found a staircase to the Slime Pits.
 30247 | Lair:6   | Reached XP level 16. HP: 78/152 MP: 17/17
 30465 | Lair:6   | Noticed Nessos
 30481 | Lair:6   | Killed Nessos
 30761 | Lair:6   | Found a corrupted altar of Lugonu.
 30761 | Lair:6   | Found a one-way gate to the infinite horrors of the Abyss.
 30850 | Lair:6   | Found a viscous altar of Jiyva.
 32121 | Spider:1 | Entered Level 1 of the Spider Nest
 32446 | Spider:1 | Reached skill level 15 in Shields
 32843 | Spider:2 | Identified Roxanne's Compendium of the Mountains
 32843 | Spider:2 | Noticed Roxanne
 32857 | Spider:2 | Killed Roxanne
 32869 | Spider:2 | Identified the +5 ring mail of the Known World {+Blink
                  | rPois Str+5} (Okawaru gifted it to you on level 2 of the
                  | Spider Nest)
 32869 | Spider:2 | Received a gift from Okawaru
 33215 | Spider:2 | Identified the +2 leather armour of the Leaf {rElec}
 33868 | Spider:2 | Found a runed translucent door.
 33869 | Spider:2 | Noticed crompyre's ghost (adept NaCA)
 34133 | Spider:2 | Killed crompyre's ghost
 34387 | Spider:3 | Reached XP level 17. HP: 163/163 MP: 18/18
 34548 | Spider:3 | Received a gift from Okawaru
 35371 | Spider:3 | Reached XP level 18. HP: 173/173 MP: 19/19
 35537 | Swamp:1  | Entered Level 1 of the Swamp
 36242 | Swamp:2  | Noticed Mlioglotl
 36242 | Swamp:2  | Noticed Donald
 36254 | Swamp:2  | Killed Donald
 36257 | Swamp:2  | Killed Mlioglotl
 36907 | Swamp:3  | Identified the +8 short sword "Kuwuimeb" {venom, rPois}
                  | (Okawaru gifted it to you on level 3 of the Swamp)
 36907 | Swamp:3  | Received a gift from Okawaru
 37342 | Swamp:4  | Entered Level 4 of the Swamp
 37391 | Swamp:4  | Found a frozen archway.
 37401 | IceCv    | Entered an ice cave
 38102 | Swamp:4  | Received a gift from Okawaru
 38667 | Spider:4 | Entered Level 4 of the Spider Nest
 38785 | Spider:4 | Reached XP level 19. HP: 183/183 MP: 20/20
 39231 | Spider:4 | Identified the +5 pair of boots of Ecar {rElec rCorr Str-4
                  | Int+6} (Okawaru gifted it to you on level 4 of the Spider
                  | Nest)
 39231 | Spider:4 | Received a gift from Okawaru
 39269 | Spider:4 | Reached skill level 5 in Dodging
 39440 | Spider:4 | Got a gossamer rune of Zot
 40226 | Swamp:4  | Got a decaying rune of Zot
 40655 | Vaults:1 | Entered Level 1 of the Vaults
 41121 | Vaults:1 | Identified the +2 robe of the Lotus Blossom {rPois}
 41797 | Vaults:2 | Received a gift from Okawaru
 42018 | Vaults:2 | Identified the +6 chain mail of Favyuq {+Inv rElec Dex+7}
                  | (Okawaru gifted it to you on level 2 of the Vaults)
 42018 | Vaults:2 | Received a gift from Okawaru
 42037 | Vaults:2 | Found a magical portal.
 42058 | WizLab   | Entered Iskenderun's Mystic Tower
 42148 | WizLab   | Reached XP level 20. HP: 181/195 MP: 21/21
 43059 | WizLab   | Got Iskenderun's Compendium of Arcane Weapons
 43059 | WizLab   | Got Iskenderun's Catalogue of Confrontation
 43075 | WizLab   | Identified the +7 falchion of the Eggplant {drain, Int+2}
 43872 | Vaults:2 | Found a transporter.
 43884 | Vaults:2 | Found a transporter.
 44470 | Vaults:3 | Received a gift from Okawaru
 44470 | Vaults:3 | Found the +15 Maxwell's patent armour {-Cast -Tele rElec
                  | Will+ rCorr}
 44644 | Vaults:3 | Paralysed by a great orb of eyes for 6 turns
 44807 | Vaults:3 | Found a staircase to the Crypt.
 45019 | Vaults:3 | Noticed Mara
 45029 | Vaults:3 | Noticed Peloso's illusion
 45032 | Vaults:3 | Killed Mara
 45099 | Vaults:3 | Cast into level 2 of the Abyss (a wizard)
 45377 | Vaults:3 | Escaped the Abyss
 45661 | Vaults:3 | Noticed Boris
 45684 | Vaults:3 | Killed Boris
 46089 | Elf:1    | Entered Level 1 of the Elven Halls
 46097 | Elf:1    | Identified the +2 pair of boots "Funulla" {rPois MP+9
                  | Str+2} (Okawaru gifted it to you on level 1 of the Elven
                  | Halls)
 46097 | Elf:1    | Received a gift from Okawaru
 46112 | Elf:1    | Reached XP level 21. HP: 202/209 MP: 22/22
 46975 | Elf:2    | Gained mutation: You sometimes lose the ability to read
                  | scrolls when taking damage. [a shining eye]
 47081 | Elf:2    | Found a runed translucent door.
 47081 | Elf:2    | Noticed Exodus22XD's ghost (journeyman MiFi)
 47125 | Elf:2    | Killed Exodus22XD's ghost
 47132 | Elf:2    | Acquired 726 gold pieces
 47140 | Elf:2    | Acquired the ring of Salock {rF++ Str+2 Dex+3 Slay+4}
 47171 | Elf:2    | Found a runed translucent gate.
 47171 | Elf:2    | Found a runed translucent gate.
 47198 | Elf:2    | Found Poule's Book Shoppe.
 47437 | Elf:2    | Found a runed translucent gate.
 47627 | Elf:3    | Entered Level 3 of the Elven Halls
 47689 | Elf:3    | Found Xecolol's Jewellery Boutique.
 47698 | Elf:3    | Bought a ring of willpower for 275 gold pieces
 47757 | Elf:3    | Found Eciphui's Weapon Emporium.
 47832 | Elf:3    | HP: 7/209 [???[a deep elf demonologist] (5)]
 48239 | Elf:3    | Received a gift from Okawaru
 48470 | Elf:3    | Paralysed by a floating eye for 2 turns
 48489 | Elf:3    | Paralysed by an air elemental for 1 turns
 48552 | Elf:3    | Identified the ring of Day {Ice Int+2}
 48558 | Elf:3    | Identified the +1 tower shield of Uzugaax {Rampage rC+ rN+}
                  | (Okawaru gifted it to you on level 3 of the Elven Halls)
 48558 | Elf:3    | Received a gift from Okawaru
 49260 | Elf:3    | Identified the ring "Laatzul" {Fly rCorr MP-9 Str+3}
 49283 | Elf:3    | Got the Disquisition on Transformation and Weightlessness
 49323 | Elf:3    | Identified the +2 scale mail of Lethargy {Rampage Will+
                  | Int+5 Dex-5}
 49327 | Elf:3    | Identified the +7 dagger of Laceration {elec, Str+3}
 49821 | Slime:1  | Entered Level 1 of the Pits of Slime
 49928 | Slime:2  | Gained mutation: You are frail. (-10% HP) [a shining eye]
 50363 | Slime:5  | Entered Level 5 of the Pits of Slime
 50622 | Slime:4  | Gained mutation: You are very frail. (-20% HP) [a shining
                  | eye]
 50628 | Slime:4  | Reached XP level 22. HP: 162/176 MP: 23/23
 50704 | Slime:5  | Noticed the Royal Jelly
 50712 | Slime:5  | Killed the Royal Jelly
 50725 | Slime:5  | HP: 8/176 [acid[the Royal Jelly] (4)]
 50874 | Slime:5  | Received a gift from Okawaru
 50912 | Slime:5  | Identified the ring of Saarig {rPois rCorr Str+4 Int+4}
 50939 | Slime:5  | Got a slimy rune of Zot
 50993 | Slime:5  | Identified the +2 trident "Leviticus" {protect, rN+ Will+
                  | rCorr}
 50999 | Slime:5  | Identified the +0 plate armour of Seamyow {rPois Int-5
                  | Dex+3 Stlth+}
 51366 | Orc:2    | Lost mutation: You sometimes lose the ability to read
                  | scrolls when taking damage. [potion of mutation]
 51366 | Orc:2    | Lost mutation: You are very frail. (-20% HP) [potion of
                  | mutation]
 51366 | Orc:2    | Gained mutation: You tend to lose your temper in combat.
                  | [potion of mutation]
 51367 | Orc:2    | Lost mutation: You tend to lose your temper in combat.
                  | [potion of mutation]
 51367 | Orc:2    | Lost mutation: You are frail. (-10% HP) [potion of
                  | mutation]
 51367 | Orc:2    | Gained mutation: You are resistant to electric shocks.
                  | (rElec) [potion of mutation]
 51596 | D:10     | You paid a toll of 5 scrolls of fog to enter a treasure
                  | trove
 51597 | Trove    | Entered a treasure trove
 51603 | Trove    | Identified the ring of Tuigg {MP+9 Str+3}
 51608 | Trove    | Identified the ring "Plog" {Wiz rElec Int+4}
 51610 | Trove    | Identified the amulet "Guifauny" {Acrobat Stlth+}
 51612 | Trove    | Identified the ring "Qufac" {rC+ rN+}
 51616 | Trove    | Identified the ring of Symar {rPois rN+ Dex+2 Stlth-}
 52253 | Crypt:1  | Entered Level 1 of the Crypt
 52806 | Crypt:1  | Received a gift from Okawaru
 53446 | Crypt:2  | Found a transporter.
 53471 | Crypt:2  | Found an ancient bone altar of Kikubaaqudgha.
 53718 | Crypt:2  | Received a gift from Okawaru
 53854 | Crypt:2  | Found a transporter.
 54361 | Crypt:2  | Noticed an ancient lich
 54366 | Crypt:2  | Killed an ancient lich
 54403 | Crypt:2  | Gained mutation: Your mind is acute. (Int +2) [mutagenic
                  | glow]
 54409 | Crypt:2  | Identified the ring "Ymougaku" {rN+ Dex+6 Stlth+}
 54421 | Crypt:2  | Identified the amulet of the Cockroach {Spirit Str+4}
 54495 | Crypt:3  | Entered Level 3 of the Crypt
 54528 | Crypt:3  | Found a staircase to the Tomb.
 54548 | Crypt:3  | Reached XP level 23. HP: 63/232 MP: 24/24
 55361 | Crypt:3  | Identified the +6 chain mail "Piozaudgh" {+Blink Dex+6}
 55366 | Crypt:3  | Found an ancient bone altar of Kikubaaqudgha.
 55448 | Crypt:3  | Identified the +4 hat of Duty {rF+} (Okawaru gifted it to
                  | you on level 3 of the Crypt)
 55448 | Crypt:3  | Received a gift from Okawaru
 55618 | Crypt:3  | Found a basalt altar of Yredelemnul.
 55715 | Crypt:3  | Noticed an ancient lich
 55724 | Crypt:3  | Killed an ancient lich
 55811 | Crypt:3  | Found the ring of Shadows {Umbra +Inv Stlth+}
 55815 | Crypt:3  | Got the Volume of Evil Arts
 56688 | Depths:1 | Entered Level 1 of the Depths
 56817 | Depths:1 | You fall into a shaft and drop 1 floor!
 56826 | Depths:2 | Noticed the Enchantress
 56834 | Depths:2 | Killed the Enchantress
 56963 | Depths:2 | Noticed Saint Roka
 56975 | Depths:2 | Killed Saint Roka
 57218 | Depths:2 | Found Eddo's Book Shoppe.
 57231 | Depths:2 | Received a gift from Okawaru
 57231 | Depths:2 | Noticed Nikola
 57236 | Depths:2 | Killed Nikola
 57251 | Depths:2 | Noticed Sojobo
 57257 | Depths:2 | Paralysed by an air elemental for 1 turns
 57260 | Depths:2 | Killed Sojobo
 57442 | Depths:2 | Paralysed by a floating eye for 3 turns
 57450 | Depths:2 | Reached skill level 27 in Shields
 57461 | Depths:2 | Reached XP level 24. HP: 183/244 MP: 24/24
 57503 | Depths:2 | Found a gateway to Hell.
 57893 | Depths:2 | Found a one-way gate leading to the halls of Pandemonium.
 58137 | Depths:1 | Found a basalt altar of Yredelemnul.
 58229 | Depths:1 | Identified the +2 pair of gloves of the Realm of Zot {Str-2
                  | Int+4} (Okawaru gifted it to you on level 1 of the Depths)
 58229 | Depths:1 | Received a gift from Okawaru
 58513 | Depths:1 | Noticed Boris
 58533 | Depths:1 | Killed Boris
 59258 | Vaults:4 | Found a crumbling gateway.
 59267 | Desolati | Entered the Desolation of Salt
 59480 | Desolati | Reached skill level 27 in Long Blades
 59598 | Desolati | Reached skill level 10 in Dodging
 59700 | Desolati | Reached skill level 27 in Fighting
 59812 | Desolati | Identified the +6 plate armour of Ehezaoxi {rC++ rN+}
                  | (Okawaru gifted it to you in the Desolation of Salt)
 59812 | Desolati | Received a gift from Okawaru
 59840 | Desolati | Got Sif Muna's Volume of Aerial Transmutation
 60074 | Desolati | Identified the +1 troll leather armour "Leok" {+Inv rN+
                  | Regen+}
 60092 | Desolati | Got the Handbook of the Birds
 60166 | Desolati | Identified the +1 hat of Honesty {Contam rC++ Int+7}
 60672 | Vaults:4 | Found Muuji's Book Emporium.
 60711 | Vaults:4 | Identified the +7 flail of Gin and Tonic {speed, Drain
                  | rPois rC+ Will+}
 61103 | Vaults:4 | Cast into level 2 of the Abyss (a wizard)
 61209 | Abyss:2  | Found a corrupted altar of Lugonu.
 61623 | Vaults:4 | Escaped the Abyss
 62012 | Vaults:5 | Entered Level 5 of the Vaults
 62025 | Vaults:5 | Noticed Boris
 62026 | Vaults:5 | Reached XP level 25. HP: 206/257 MP: 24/24
 62027 | Vaults:5 | Noticed an ancient lich
 62091 | Vaults:5 | Killed an ancient lich
 62120 | Vaults:5 | HP: 7/253 [something/iron shot (74)]
 62120 | Vaults:5 | HP: 2/253 [deep elf death mage/+0 long sword (5)]
 62120 | Vaults:5 | Slain by a shadow dragon

Illustrated notes

Levels and vault maps discovered:
D:1:      minmay_arrival_cross, layout_loops_cross, serial_forest,
          infiniplex_forest_lined_1, infiniplex_forest_straight_4,
          infiniplex_forest_clump_double, infiniplex_forest_clump_small,
          infiniplex_forest_clump_large, infiniplex_forest_pool,
          shapermc_ecumenical_altar_gd
D:2:      layout_loops_ring, minmay_pentomino_u2, uniq_terence
D:3:      layout_basic, minmay_increasing_density
D:4:      layout_loops_ring, chequers_temple_overflow_statue_of_worship,
          minmay_temple_entry_large_hall, patterned_corridor
D:5:      layout_rooms, lightli_temple_of_fire, uniq_duvessa
D:6:      layout_loops_ring, lemuel_doored_altar, nicolae_figureground_sparkle,
          uniq_prince_ribbit1
D:7:      lemuel_ice_spiral_2, layout_basic, evilmike_ruin_ashenzari
D:8:      kennysheep_spiral_hall, layout_loops_ring,
          mainiacjoe_overflow_concentric_impassable
D:9:      layout_rooms, mainiacjoe_overflow_alcove_2, serial_co_window_serial,
          co_window_of_opportunity_a, co_window_paths_a, co_window_paths_b,
          co_window_corner_a, co_window_paths_a, co_window_corner_b,
          co_window_corner_b, co_window_unsneaky_path_b,
          co_window_unsneaky_path_c, co_window_2corner, co_window_corner_b,
          co_window_4corner_a, glass_columns_a, glass_columns_a,
          glass_columns_a, minmay_bent, uniq_gastronok
D:10:     layout_loops_corners, erik_lair_dragon, nicolae_trove_entry_columns,
          library_closet, minmay_fractal_squares_5, uniq_josephine
D:11:     layout_irregular_city, orc_0_dummy, uniq_fannar
D:12:     layout_loops_cross, serial_nicolae_subway, nicolae_sub_station_metal,
          nicolae_sub_station_stone, nicolae_sub_station_crystal, uniq_azrael
D:13:     minmay_the_grid_four_pointed_star_mashed
          [minmay_the_grid_triangle_9x9_descending_squares,
          minmay_the_grid_triangle_9x9_negative_grid,
          minmay_the_grid_triangle_9x9_thin_v,
          minmay_the_grid_triangle_9x9_intruding_spiral,
          minmay_the_grid_prize_inner_circle], layout_basic
D:14:     layout_small_grid, gauntlet_entry_generic, gammafunk_ghost_mausoleum,
          nicolae_elyvilon_temple_path, hellmonk_guarded_unrand_cigotuvi
D:15:     gammafunk_depths_entry_grave, layout_small_grid,
          nicolae_ru_path_of_blood
Temple:   zaba_magenta_temple
Lair:1:   gammafunk_boulding_lane, layout_cellular_growth, enter_volcano_4,
          nicolae_lair_lil_pond, guppyfry_lair_drakes
Lair:2:   regret_index_combs_of_tragedy, layout_chaotic_city,
          dummy_spider_entry, hellmonk_guarded_unrand_vines
Lair:3:   layout_regular_city
Lair:4:   nzn_winding_woodlands_three_and_one
          [nzn_winding_woodlands_5x15_pockets,
          nzn_winding_woodlands_5x15_concentric,
          nzn_winding_woodlands_5x15_garden,
          nzn_winding_woodlands_center_triple_pond], layout_regular_city,
          palyth_hydra_swamp_entry, st_stairs_6
Lair:5:   layout_roguey, ebering_ghost_disaster_area, basic_altar,
          disabler_island
Lair:6:   hellmonk_lair_end_abyssal_woods, layout_loops_ring, slime_altar_1,
          grunt_forest_large_clearing_hut, uniq_nessos
Swamp:1:  layout_basic_swamp, serial_swamp_ruin, evilmike_swamp_ruin_house_1,
          evilmike_swamp_ruin_house_3, evilmike_swamp_ruin_house_2,
          infiniplex_staircase_pool
Swamp:2:  layout_basic_swamp, hangedman_swamp_ruin_wall, uniq_mlioglotl,
          uniq_donald
Swamp:3:  layout_basic_swamp, evilmike_swamp_ruin_house_4
Swamp:4:  swamp_vile, layout_basic_swamp, portal_ice_cave_entry_ice_statue_one,
          nicolae_swamp_wisp_ring_woods
Spider:1: layout_spider_delve
Spider:2: layout_cave_pods, ebering_ghost_inner_flame, special_room
          [special_room_bee], uniq_roxanne
Spider:3: layout_chambers
Spider:4: grunt_spider_rune_circles
Slime:1:  layout_caves
Slime:2:  layout_caves
Slime:3:  cheibrodos_slime_lost_civilization_10, layout_caves
Slime:4:  cheibrodos_slime_lost_civilization_1, layout_caves
Slime:5
Orc:1:    layout_caves, serial_shops, shop, basic_altar
Orc:2:    st_orc_open, layout_caves, basic_altar, uniq_snorg
Elf:1:    minmay_elf_arrival_summoners, layout_loops_cross,
          amcnicky_mini_rare_corridor_liquid
Elf:2:    elven_hall_of_blades_hangedman_original
          [nicolae_blade_entry_floor_patterns], layout_loops_ring,
          hellmonk_ghost_happy_afterlife, serial_shops,
          nicolae_shop_advertising_works [nicolae_subvault_shop_adworks]
Elf:3:    minmay_elf_hall_curves, layout_geoelf_octagon, serial_shops, shop,
          nicolae_shop_bloodbath_and_beyond, minmay_strange_pillars,
          st_stairs_11
Vaults:1: v_misc_24, v_misc_24, hangedman_vaults_river_flow,
          ontoclasm_vaults_tryst, hangedman_vaults_variations, vaults_room_grid,
          vaults_room_fours, v_alt_pattern_3, nicolae_vaults_rhombus_6,
          hangedman_vaults_maws, hangedman_vaults_hat, grunt_vaults_twisty,
          ontoclasm_vaults_gateway, nicolae_vaults_shelves_hall,
          layout_vaults_omnibox
Vaults:2: lightli_enter_wizlab_magi_temple, nicolae_vaults_specimen_jars,
          v_rooms_5, vaults_dpeg_doors, v_pattern_3,
          nicolae_vaults_circle_grid_a, gammafunk_sealed_arena,
          vaults_dpeg_ring, vaults_room_fours, layout_vaults_omnigrid
Vaults:3: nicolae_vaults_what_the_h, nicolae_vaults_hallways_thing, v_misc_31,
          vaults_room_hallway, grunt_vaults_hallway_short,
          hangedman_vaults_nails, hangedman_vaults_pinch,
          nicolae_vaults_little_squares_4, ontoclasm_vaults_ligature,
          hangedman_vaults_slice, layout_vaults_ring, dummy_crypt_entry,
          uniq_boris, uniq_mara
Vaults:4: portal_desolation_entry_nicolae_slug, nicolae_vaults_sealed_display,
          nicolae_vaults_network_quincunx
          [nicolae_vaults_network_quincunx_subvault,
          nicolae_vaults_network_quincunx_subvault,
          nicolae_vaults_network_quincunx_subvault,
          nicolae_vaults_network_quincunx_subvault,
          nicolae_vaults_network_quincunx_subvault], vaults_mumra_chevron_long,
          ontoclasm_vaults_decontamination, nicolae_vaults_little_squares_1,
          hangedman_vaults_trim, hangedman_vaults_locks,
          nicolae_vaults_three_branches, layout_vaults_chaotic_city,
          serial_shops, shop
Vaults:5
Crypt:1:  layout_misc_corridors, st_vampire_maze,
          grunt_crypt_arrival_guarded_gate
Crypt:2:  gammafunk_its_a_trap, layout_gridlike, basic_altar, st_chilly_death,
          grunt_megastairs_4
Crypt:3:  church_of_pain_bobbens, layout_chaotic_city, basic_altar,
          minmay_strange_pillars, minmay_misc_feat_five
Depths:1: mu_elephants_graveyard, layout_gridville,
          abyss_entry_small_statue_room, serial_bayou, serial_bayou_crossing,
          serial_bayou_pond_d, serial_bayou_pond_d, serial_bayou_shore_b,
          serial_bayou_shore_b, hell_entry, kennysheep_minor_cross,
          grunt_decor_mini_mirrors, nicolae_yredelemnul_corpse_copse
Depths:2: thingy_vault, layout_cave_shapes, minmay_splitting_lines,
          grunt_pan_entry_sceptre, hell_entry, infiniplex_staircase_pool_2,
          minmay_shop_star, firewood_loft, uniq_nikola, uniq_saint_roka,
          uniq_sojobo, uniq_enchantress

Skill      XL: |  1  2  3  4  5  6  7  8  9 10 11 12 13 14 15 16 17 18 19 20 21 22 23 24 25 |
---------------+----------------------------------------------------------------------------+-----
Fighting       | 4 5 7 9 10 11 13 15 16 18 19 20 22 23 24 25 27 | 27.0
Long Blades    | 3 4 5 6 8 9 10 13 14 16 17 18 19 21 22 24 25 27 | 27.0
Shields        | 4 5 6 7 8 9 10 12 14 16 17 18 21 22 23 25 27 | 27.0
Armour         | 4 5 6 8 9 11 12 14 15 16 17 18 19 20 22 | 22.6
Dodging        | 1 2 3 4 5 6 8 11 12 | 12.5
Short Blades   | 1 6 8 10 | 10.8
Stealth        | 1 2 3 4 |  4.4
Invocations    | 1 2 3 |  3.7
Evocations     | 1 |  1.4
Axes           | |  0.6
Maces & Flails | |  0.6
Polearms       | |  0.6
Staves         | |  0.6
Slings         | |  0.5
Bows           | |  0.5
Crossbows      | |  0.5
Throwing       | |  0.4
Unarmed Combat | |  0.8
Spellcasting   | |  0.2
Conjurations   | |  0.2
Hexes          | |  0.2
Summonings     | |  0.4
Necromancy     | |  0.4
Translocations | |  0.2
Transmutations | |  0.3
Fire Magic     | |  0.2
Ice Magic      | |  0.2
Air Magic      | |  0.4
Earth Magic    | |  0.3
Poison Magic   | |  0.2

Action                   |  1- 3 |  4- 6 |  7- 9 | 10-12 | 13-15 | 16-18 | 19-21 | 22-24 | 25-27 || total
-------------------------+-------+-------+-------+-------+-------+-------+-------+-------+-------++-------
Melee: Long sword        |    70 |   164 |   129 |       |       |       |       |       |       ||   363
       Headbutt          |    14 |    27 |    56 |   133 |   315 |   155 |   278 |   361 |     6 ||  1345
       Short sword       |       |       |   144 |   254 |    29 |       |       |       |       ||   427
       Demon blade       |       |       |       |   279 |   923 |       |       |       |       ||  1202
       Scimitar          |       |       |       |    19 |   318 |       |       |       |       ||   337
       Double sword      |       |       |       |       |    22 |   790 |  1194 |  1401 |    38 ||  3445
       Unarmed           |       |       |       |       |       |     2 |       |       |       ||     2
Invok: Heroism           |       |       |       |    13 |    22 |     6 |     6 |     5 |       ||    52
Evoke: Wand              |       |       |       |     9 |     7 |       |       |     1 |       ||    17
  Use: Scroll            |       |       |    10 |     6 |    19 |     3 |     4 |     5 |       ||    47
       Potion            |       |       |     2 |     3 |     4 |     4 |     6 |     6 |       ||    25
 Stab: Distracted        |       |       |       |       |       |       |       |     1 |       ||     1
Armor: Scale mail        |    45 |    10 |       |       |       |       |       |       |       ||    55
       Plate armour      |       |    53 |   222 |   230 |   548 |   410 |   511 |    99 |    37 ||  2110
       Chain mail        |       |    18 |       |       |       |       |       |       |       ||    18
       Pearl dragon scal |       |       |       |       |       |       |       |   384 |       ||   384
Dodge: Dodged            |    33 |    49 |    99 |   124 |   386 |   210 |   281 |   315 |    27 ||  1524
Block: Buckler           |    16 |    26 |    68 |   181 |   668 |    47 |       |       |       ||  1006
       Reflection        |       |       |       |     4 |    19 |    15 |    57 |    18 |     1 ||   114
       Kite shield       |       |       |       |       |       |   626 |   918 |       |       ||  1544
       Other             |       |       |       |       |       |     1 |       |       |       ||     1
       Tower shield      |       |       |       |       |       |       |    94 |  1598 |    86 ||  1778
